AoeStats
← orcunkny

Four Lakes

503127092Analyzed
4v4 RM · 11d ago on Aug 30, 2026· 60m 46s· 8 players
Game mode
Random Map
Map size
Large (8 player)
Population
200
Speed
Normal
Resources
Standard
Victory
Conquest
Starting age
Dark Age
Ending age
Imperial Age
RankedLock teamsTeams togetherTeam positionsShared explorationLock speedFull tech treeHidden civsTurbo modeCheats
Victory
Defeat
🇹🇷 Franks · Türkiye
851
+14
🇬🇷 Berbers · Greece
843
+14
🇩🇪 Turks · Germany
767
+18
725
+19
🇹🇷 Romans · Türkiye
837
-18
🇹🇷 Britons · Türkiye
808
-17
🇨🇳 Slavs · China
799
-16
🇨🇳 Italians · China
758
-14
LV小吕
12:29 Feudal Age
14:35 Wheelbarrow
14:12 Fishing Lines
14:33 Double-Bit Axe
18:03 Horse Collar
22:28 Castle Age
21:50 Gold Mining
21:52 Stone Mining
23:53 Bow Saw
23:46 Husbandry
23:58 Bloodlines
24:07 Light Cavalry
27:31 Scale Mail Armor
27:44 Forging
27:40 Scale Barding Armor
28:00 Gillnets
28:20 Heavy Plow
31:04 Iron Casting
30:49 Chain Barding Armor
30:45 Town Watch
32:36 Detinets
34:20 Hand Cart
36:17 Town Patrol
36:39 Chain Barding Armor
39:10 Gold Shaft Mining
42:29 Imperial Age
42:21 Man-at-Arms
43:02 Squires
43:49 Conscription
42:52 Elite Boyar
43:43 Long Swordsman
46:18 Blast Furnace
45:54 Plate Barding Armor
45:19 Scale Mail Armor
46:00 Caravan
47:47 Two-Man Saw
47:19 Crop Rotation
47:09 Masonry
47:11 Two-Handed Swordsman
51:02 Champion
Lethe
0:29 Loom
12:27 Feudal Age
20:42 Castle Age
19:22 Double-Bit Axe
19:29 Stone Mining
19:42 Padded Archer Armor
19:33 Fletching
20:50 Gold Mining
20:42 Horse Collar
21:40 Pikeman
22:50 Fishing Lines
24:09 Bodkin Arrow
24:29 Leather Archer Armor
24:22 Squires
26:16 Gillnets
27:48 Gold Shaft Mining
27:17 Heavy Plow
27:28 Bow Saw
33:47 Imperial Age
31:38 Fortified Wall
31:48 Ballistics
36:55 Imperial Age
37:18 Elite Longbowman
39:14 Ring Archer Armor
38:45 Bracer
39:35 Town Watch
40:26 Wheelbarrow
42:17 Halberdier
43:19 Town Patrol
43:21 Bracer
44:25 Chemistry
48:46 Yeomen
51:24 Hand Cart
51:18 Warwolf
52:10 Caravan
52:41 Coinage
52:23 Guilds
56:31 Two-Man Saw
61:41 Banking
bnana2K
2:34 Loom
11:06 Feudal Age
12:47 Double-Bit Axe
12:46 Horse Collar
21:27 Castle Age
21:31 Pikeman
22:15 Heavy Plow
22:26 Bow Saw
22:26 Fletching
23:54 Caravan
35:03 Imperial Age
33:34 Squires
33:19 Arson
33:38 Bodkin Arrow
33:44 Padded Archer Armor
34:14 Ballistics
35:22 Thumb Ring
37:13 Conscription
38:37 Bracer
38:49 Forging
38:39 Scale Mail Armor
38:19 Capped Ram
40:54 Elite Genoese Crossbowman
41:59 Stone Mining
42:03 Gold Mining
43:43 Chain Mail Armor
47:18 Iron Casting
47:14 Plate Mail Armor
51:13 Chemistry
51:59 Blast Furnace
orcunkny
1:24 Loom
12:10 Feudal Age
22:25 Castle Age
22:04 Double-Bit Axe
22:02 Horse Collar
26:11 Man-at-Arms
28:55 Bow Saw
29:40 Wheelbarrow
32:58 Gold Mining
33:02 Stone Mining
32:39 Long Swordsman
34:47 Hand Cart
40:24 Imperial Age
38:38 Ballistas
43:26 Gold Shaft Mining
44:14 Chemistry
45:33 Legionary
46:49 Husbandry
47:58 Bloodlines
50:10 Cavalier
54:20 Light Cavalry
58:52 Squires
58:13 Pikeman
Boss_578
3:30 Loom
13:53 Feudal Age
14:41 Double-Bit Axe
14:38 Horse Collar
15:05 Fishing Lines
16:10 Wheelbarrow
21:29 Padded Archer Armor
21:19 Fletching
22:18 Town Watch
24:41 Castle Age
22:51 Scale Barding Armor
22:58 Forging
24:50 Gold Mining
24:53 Stone Mining
28:22 Hand Cart
28:08 Town Patrol
30:18 Husbandry
30:29 Bloodlines
36:04 Imperial Age
37:15 Gold Shaft Mining
37:14 Heavy Plow
38:10 Ballistics
37:39 Treadmill Crane
39:02 Leather Archer Armor
38:57 Bodkin Arrow
41:29 Elite Janissary
42:31 Conscription
42:12 Artillery
45:47 Ring Archer Armor
45:18 Bracer
45:39 Chain Barding Armor
45:55 Iron Casting
45:35 Masonry
45:22 Murder Holes
45:37 Fortified Wall
46:45 Hoardings
humanizli
1:44 Loom
12:33 Feudal Age
21:35 Castle Age
20:37 Scale Mail Armor
20:46 Scale Barding Armor
20:31 Fletching
20:47 Double-Bit Axe
23:46 Husbandry
25:32 Town Watch
26:22 Wheelbarrow
28:44 Bodkin Arrow
36:02 Imperial Age
35:05 Murder Holes
36:02 Fortified Wall
37:19 Town Patrol
37:34 Hand Cart
37:34 Bow Saw
39:06 Chemistry
39:29 Bearded Axe
39:30 Conscription
40:28 Chain Barding Armor
40:08 Scale Mail Armor
40:09 Padded Archer Armor
40:19 Forging
48:44 Light Cavalry
57:21 Hoardings
59:23 Leather Archer Armor
Máfia - so porradao de longe!
0:39 Loom
15:12 Feudal Age
15:40 Double-Bit Axe
16:56 Wheelbarrow
17:39 Stone Mining
17:40 Gold Mining
20:15 Horse Collar
20:28 Man-at-Arms
20:55 Arson
21:13 Fishing Lines
26:38 Castle Age
25:55 Scale Barding Armor
25:55 Scale Mail Armor
26:06 Forging
25:47 Fletching
25:57 Padded Archer Armor
27:30 Long Swordsman
27:56 Gambesons
28:12 Squires
27:36 Crossbowman
29:18 Fortified Wall
29:32 Bow Saw
30:44 Gold Shaft Mining
32:14 Hand Cart
32:48 Thumb Ring
34:33 Pikeman
34:46 Elite Skirmisher
36:17 Iron Casting
35:57 Chain Mail Armor
37:47 Leather Archer Armor
44:39 Ballistics
44:31 Masonry
44:02 Treadmill Crane
44:43 Gillnets
46:37 Heavy Plow
53:50 Imperial Age
55:01 Imperial Age
giannis
11:00 Feudal Age
15:49 Castle Age
14:35 Double-Bit Axe
15:09 Horse Collar
20:55 Fletching
21:05 Padded Archer Armor
26:38 Bodkin Arrow
27:28 Ballistics
27:50 Bloodlines
27:54 Bow Saw
28:21 Padded Archer Armor
28:17 Elite Skirmisher
28:18 Crossbowman
29:29 Forging
30:22 Leather Archer Armor
30:13 Scale Barding Armor
30:29 Husbandry
29:49 Light Cavalry
34:20 Imperial Age
32:00 Town Watch
32:53 Wheelbarrow
32:05 Loom
32:49 Thumb Ring
32:48 Scale Mail Armor
33:16 Stone Mining
33:16 Gold Mining
33:50 Pikeman
34:30 Squires
34:16 Arson
34:38 Scale Barding Armor
35:08 Iron Casting
33:56 Light Cavalry
35:20 Bracer
35:50 Ring Archer Armor
35:01 Heavy Camel Rider
36:04 Chain Barding Armor
37:35 Chemistry
36:17 Treadmill Crane
36:45 Heavy Plow
37:38 Stone Shaft Mining
37:38 Gold Shaft Mining
38:03 Gold Shaft Mining
37:53 Maghrebi Camels
38:01 Elite Genitour
39:25 Conscription
40:14 Iron Casting
40:14 Plate Barding Armor
39:55 Chain Mail Armor
39:52 Kasbah
41:09 Hand Cart
40:54 Town Patrol
42:12 Crop Rotation
41:53 Masonry
42:14 Crossbowman
42:16 Cavalier
42:48 Guard Tower
45:21 Blast Furnace
44:57 Plate Barding Armor
44:52 Plate Mail Armor
45:09 Heavy Cavalry Archer
46:29 Hoardings
46:03 Hussar
46:34 Fishing Lines
47:02 Caravan
47:32 Coinage
47:13 Guilds
48:42 Elite Camel Archer
50:49 Onager
50:49 Capped Ram
55:27 Murder Holes
55:18 Arrowslits
57:40 Fortified Wall
Connection lost

Rejoining the realm…

Still unreachable

The connection could not be restored.

Session expired

The server has moved on; the page needs a fresh start.